Match 38789022
Unlisted

Match 38789022
End
Construct Infanterie Kompanie
Selects Luftwaffe Battlegroup
Selects Luftwaffe Pioneer Support
Fallschirmpioneer Squad Paradrop
Fallschirmpioneer Squad Paradrop
Fallschirmpioneer Squad Paradrop
Selects Stuka Strafing Run
Construct Luftwaffe Kompanie
Selects Fallschirmjäger Squad Paradrop
Fallschirmjäger Squad Paradrop
Fallschirmpioneer Squad Paradrop
Infanterie Officer Quarters
Stuka Strafing Run
Luftwaffe Officer Quarters
Selects Flak 38 Anti-Air Emplacement
Support Elements
MG 42 Machine Gun Team
Stuka Strafing Run
Wirbelwind Flakpanzer
Jäger Squad
Jäger Squad
Stuka Strafing Run
Selects Flak 36 Anti-tank Gun Emplacement
Wirbelwind Flakpanzer
Stuka Strafing Run
221 Scout Car
Medical Bunker
Construct Panzergrenadier Kompanie
Selects Stuka Loiter
Nebelwerfer 42 Rocket Launcher Team
Medical Bunker
Marder III M Tank Destroyer
Marder III M Tank Destroyer
Marder III M Tank Destroyer
Nebelwerfer 42 Rocket Launcher Team
Stuka Strafing Run
Stuka Loiter
Stuka Strafing Run
Stuka Strafing Run
Wirbelwind Flakpanzer
MG 42 Bunker
Stuka Strafing Run
MG 42 Bunker
Stuka Strafing Run
Marder III M Tank Destroyer
Repair Bunker
Repair Bunker
ZeroEres
Alwaysapotato
亦生亦死过去身
Frieren
NewPeopleArmy
Mark29
qrter
PurePinoy
0
0

Comments sign in to comment!

No comments posted yet!